 Dungeon Crawl Stone Soup version 0.28.0-53-g5a82cb258f (webtiles) character file.

Game seed: 4594889111810158405

190 funkygono the Skirmisher (level 5, 0/47 HPs)
             Began as a Minotaur Fighter on July 7, 2022.
             Succumbed to a scorpion's poison
             ... on level 2 of the Dungeon.
             The game lasted 00:02:16 (1360 turns).

funkygono the Skirmisher (Minotaur Fighter)         Turns: 1360, Time: 00:02:16

Health: 0/47       AC:  9    Str: 23    XL:     5   Next: 41%
Magic:  4/4        EV:  7    Int:  5    God:
Gold:   90         SH:  4    Dex:  9    Spells: 4/4 levels left

rFire   . . .      SeeInvis .   a - +0 long sword
rCold   . . .      Faith    .   c - +0 buckler
rNeg    . . .      Spirit   .   e - +0 chain mail
rPois   .          Reflect  .   (helmet restricted)
rElec   .          Harm     .   (no cloak)
rCorr   .          Rampage  .   (no gloves)
Will    .....                   (no boots)
Stlth   ..........              (no amulet)
HPRegen 0.15/turn               (no ring)
MPRegen 0.09/turn               (no ring)

@: lethally poisoned (0 -> -3), about to teleport
A: horns 2, retaliatory headbutt
a: no special abilities


You were on level 2 of the Dungeon.
You visited 1 branch of the dungeon, and saw 2 of its levels.

You collected 90 gold pieces.

Inventory:

Hand Weapons
 a - a +0 long sword (weapon)
Armour
 c - a +0 buckler (worn)
 e - a +0 chain mail (worn)
Jewellery
 i - a ring of positive energy
Scrolls
 f - a scroll of fear {unknown}
 j - a scroll of enchant armour {unknown}
Potions
 d - a potion of might
 g - a potion of brilliance


   Skills:
 + Level 4.9 Fighting
 + Level 4.5 Long Blades
 + Level 4.8 Armour
 + Level 4.2 Shields


You had 4 spell levels left.
You didn't know any spells.
Your spell library was empty.

Dungeon Overview and Level Annotations

Branches:
Dungeon (2/15)

Altars:

Shops:
D:1 *


Innate Abilities, Weirdness & Mutations

You have a pair of horns on your head.
You reflexively headbutt those who attack you in melee.


Message History

The scorpion is severely wounded.
You feel very sick. The scorpion stings you.
You are lethally poisoned!
The scorpion poisons you!
You barely miss the scorpion.
The scorpion is severely wounded.
You feel very sick. The scorpion closely misses you.
You block the scorpion's attack.
You slash the scorpion!
You kill the scorpion!
* * * LOW HITPOINT WARNING * * *
You feel very sick.
You have reached level 5!
There is a lethal amount of poison in your body!
It was a potion of brilliance.
You feel clever all of a sudden.
* * * LOW HITPOINT WARNING * * *
You feel very sick.
It was a potion of cancellation.
Your magical effects are unravelling.
You feel magically purged.
You feel a little less clever now.
* * * LOW HITPOINT WARNING * * *
You feel very sick.
There is a lethal amount of poison in your body!
There is a lethal amount of poison in your body!
* * * LOW HITPOINT WARNING * * *
You feel sick.
There is an open door here.
You see here a hobgoblin corpse.
* * * LOW HITPOINT WARNING * * *
You feel sick.
* * * LOW HITPOINT WARNING * * *
You feel sick.
* * * LOW HITPOINT WARNING * * *
You feel sick.
As you read the scroll labelled EXKOATH BOSU, it crumbles to dust.
You feel strangely unstable.
It was a scroll of teleportation.
You die...

# #.# #.. # #.# #.# #
#.# #.# # #########.#
#.# ...
.......##.#####.###.....
............†...........
................###.....
.....#.##.####.......##
####......#..†..@....+
...#...####.##.......#
##.#.................#
.....#.####.#........#
.......................
...########.#...........
.....# #.#...........
..<..+ #.#...>.......
.....# #.#######..


There were no monsters in sight!

Vanquished Creatures
  A scorpion (D:2)
  An orc priest (D:2)
  2 orc wizards (D:2)
  An adder (D:2)
  2 dart slugs
  2 orcs (D:2)
  2 bats
  5 endoplasms
  A giant cockroach (D:1)
  A hobgoblin (D:2)
  3 jackals (D:1)
  A kobold (D:1)
  2 quokkas (D:1)
  5 ball pythons
  2 frilled lizards (D:1)
  4 goblins (D:2)
  2 rats (D:1)
37 creatures vanquished.

Notes
Turn   | Place    | Note
-------+----------+-------------------------------------------
     0 | D:1      | funkygono the Minotaur Fighter began the quest for the Orb.
     0 | D:1      | Reached XP level 1. HP: 19/19 MP: 0/0
   385 | D:1      | Reached XP level 2. HP: 27/27 MP: 1/1
   546 | D:1      | Found Zewir's Assorted Antiques.
   680 | D:1      | Found a faded altar of an unknown god.
  1002 | D:2      | Reached XP level 3. HP: 31/33 MP: 2/2
  1009 | D:2      | Reached XP level 4. HP: 35/40 MP: 3/3
  1334 | D:2      | Noticed a scorpion
  1353 | D:2      | Killed a scorpion
  1354 | D:2      | Reached XP level 5. HP: 12/47 MP: 4/4
  1358 | D:2      | HP: 1/47 [poisoned by a scorpion]
  1360 | D:2      | Succumbed to a scorpion's poison

Illustrated notes

Levels and vault maps discovered:
D:1:      dpeg_arrival_long_road, layout_rooms,
          shapermc_ecumenical_altar_pompeii, serial_shops,
          nicolae_shop_hallway_stairs
D:2:      layout_basic

Skill      XL: |  1  2  3  4 |
---------------+-------------+-----
Fighting       | 4 |  4.9
Armour         | 4 |  4.8
Shields        | 4 |  4.2
Long Blades    | 3 4 |  4.5

Action                   |  1- 3 |  4- 6 || total
-------------------------+-------+-------++-------
Melee: Long sword        |    66 |    39 ||   105
       Headbutt          |    12 |     4 ||    16
  Use: Potion            |       |     2 ||     2
       Scroll            |       |     1 ||     1
Armor: Chain mail        |    29 |    20 ||    49
Dodge: Dodged            |    16 |    12 ||    28
Block: Buckler           |    11 |    11 ||    22
